 Dungeon Crawl Stone Soup version 0.16.1-7-g2c6721e (webtiles) character file.

10154 Shoikan the Fighter (level 11, -3/106 HPs)
             Began as a Minotaur Berserker on Mar 29, 2015.
             Was the Champion of Trog.
             Slain by an alligator simulacrum (10 damage)
             ... in an ice cave.
             The game lasted 01:35:00 (11664 turns).

Shoikan the Fighter (Minotaur Berserker)           Turns: 11664, Time: 01:35:03

Health: -3/106     AC: 20    Str: 23    XL:     11   Next: 32%
Magic:  0/1        EV:  8    Int:  6    God:    Trog [******]
Gold:   635        SH:  0    Dex: 10    Spells: 0 memorised, 10 levels left

rFire  x . .     SeeInvis .     L - +3 great mace (antimagic)
rCold  + . .     Clarity  .     U - +0 plate armour
rNeg   . . .     SustAb   .     (no shield)
rPois  +         Gourm    .     b - +1 hat
rElec  .         Spirit   +     (no cloak)
rCorr  .         Warding  .     k - +2 pair of gloves
rMut   .         Stasis   .     (no boots)
MR     .....                    S - amulet of guardian spirit
Stlth  ..........               V - ring of ice
                                s - ring of poison resistance

@: not resistant to hostile enchantments, extremely unstealthy
A: retaliatory headbutt, horns 2
a: Burn Spellbooks, Berserk, Trog's Hand, Brothers in Arms, Renounce Religion


You were in an ice cave.
You worshipped Trog.
Trog was exalted by your worship.
You were not hungry.

You visited 2 branches of the dungeon, and saw 12 of its levels.
You also visited: Sewer and Ice Cave.

You collected 635 gold pieces.

Inventory:

Hand weapons
 L - a +3 antimagic great mace (weapon)
Armour
 b - a +1 hat (worn)
 k - a +2 pair of gloves (worn)
 R - a +0 buckler
 U - a +0 plate armour (worn)
Jewellery
 a - a cursed amulet of inaccuracy {unknown}
 s - a ring of poison resistance (left hand)
 S - an amulet of guardian spirit (around neck)
 V - a ring of ice (right hand)
Magical devices
 t - a wand of fire (7)
 u - a wand of confusion (31)
 T - a wand of teleportation (4)
Scrolls
 g - 4 scrolls of teleportation
 i - a scroll of remove curse
 l - 2 scrolls of fog
 p - a scroll of enchant armour
 x - a scroll of enchant weapon
 E - 2 scrolls of recharging
 I - 2 scrolls of blinking
 N - 2 scrolls of fear {unknown}
Potions
 e - a potion of resistance
 n - a potion of cancellation
 v - 5 potions of curing
 z - 2 potions of flight
 A - 4 potions of heal wounds
 B - a potion of cure mutation {unknown}
 F - 4 potions of haste
 Q - a potion of agility {unknown}
Comestibles
 c - 3 bread rations
 d - 4 poisonous chunks of flesh
 f - 8 meat rations
 j - 29 fruits
 D - 9 slices of pizza


   Skills:
 + Level 12.8 Fighting
 + Level 12.0 Maces & Flails
 + Level 12.6 Armour
 - Level 2.1 Dodging


You had 10 spell levels left.
You didn't know any spells.

Dungeon Overview and Level Annotations

Branches:
Dungeon (9/15)             Temple (0/1) D:7            Lair (3/8) D:9
 Spider (0/5) Lair:3
  Swamp: Lair:3-6    Shoals: Lair:3-6       Orc: D:9-12

Altars:
Cheibriados
Dithmenos
Elyvilon
Gozag
Kikubaaqudgha
Okawaru
Qazlal
Sif Muna
Trog
Vehumet
Xom
Zin
The Shining One

Shops:
D:6 :

Annotations:
D:5 1 runed door
D:9 1 runed door


Innate Abilities, Weirdness & Mutations

You reflexively headbutt those who attack you in melee.
You have a pair of horns on your head.


Message History

The wolf simulacrum vapourises!
The alligator simulacrum bites you but does no damage.
The alligator simulacrum tail-slaps you.
The alligator simulacrum freezes you. You resist.
The polar bear simulacrum bites you but does no damage.
The polar bear simulacrum claws you but does no damage.
The polar bear simulacrum barely misses you.
You hit the alligator simulacrum!
The alligator simulacrum barely misses you.
The alligator simulacrum tail-slaps you.
The alligator simulacrum freezes you! You resist.
* * * LOW HITPOINT WARNING * * *
The alligator simulacrum bites you!
* * * LOW HITPOINT WARNING * * *
The alligator simulacrum freezes you! You resist.
* * * LOW HITPOINT WARNING * * *
The alligator simulacrum tail-slaps you.
* * * LOW HITPOINT WARNING * * *
The alligator simulacrum freezes you! You resist.
You die...

#### ##..##
##....### #
#......Z##....#
#.∩.∩.@Z....#
#......Z...##
##....##..##
##..## ### ####


You could see 2 alligator simulacra and a polar bear simulacrum.

Vanquished Creatures
  Fannar (Lair:1)
  2 hydras
  2 black mambas
  3 spiny frogs
  2 komodo dragons (Lair:1)
  9 yaks
  2 hippogriffs (Lair:1)
  A hungry ghost (D:8)
  A porcupine (Lair:1)
  3 water moccasins
  2 sky beasts
  An ice beast (D:9)
  An ogre (D:7)
  A black bear (D:6)
  2 phantoms
  6 centaurs
  An orc warrior (D:6)
  4 crocodiles
  2 giant frogs
  4 big kobolds
  Blork the orc (D:4)
  A wyvern skeleton (D:7)
  2 scorpions
  3 wights (D:8)
  A quasit (D:8)
  6 orc priests
  2 crimson imps
  9 hounds
  2 jellies
  8 iguanas
  A giant frog skeleton (D:7)
  5 orc wizards
  4 worker ants
  2 sheep (D:8)
  A wolf simulacrum (IceCv)
  Ijyb (D:2)
  Terence (D:3)
  11 gnolls
  3 hound skeletons
  14 adders
  A river rat (Sewer)
  A worm (D:3)
  12 white imps (Lair:3)
  6 shadow imps
  2 orc zombies (D:9)
  2 adder skeletons
  6 giant geckos
  2 oozes
  33 orcs
  13 bats
  A bat skeleton (D:4)
  A bat zombie (D:9)
  5 giant cockroaches
  16 goblins
  9 hobgoblins
  6 jackals
  6 quokkas
  3 ball pythons
  5 giant newts
  19 kobolds
  17 rats
  9 ballistomycetes (D:6)
  A plant (Lair:1)
304 creatures vanquished.

Vanquished Creatures (others)
  A human (D:4)
  3 giant spores (D:6)
  A fungus (Lair:1)
5 creatures vanquished.

Grand Total: 309 creatures vanquished

Notes
Turn   | Place    | Note
--------------------------------------------------------------
     0 | D:1      | Shoikan, the Minotaur Berserker, began the quest for the Orb.
     0 | D:1      | Reached XP level 1. HP: 19/19 MP: 1/1
    97 | D:1      | Reached skill level 4 in Maces & Flails
   167 | D:1      | Reached XP level 2. HP: 23/26 MP: 1/1
   654 | D:2      | Reached skill level 5 in Maces & Flails
   656 | D:2      | Acquired Trog's second power
   740 | D:2      | Reached XP level 3. HP: 27/31 MP: 2/2
  1153 | D:2      | Noticed Ijyb
  1202 | D:2      | Killed Ijyb
  1202 | D:2      | Reached XP level 4. HP: 36/39 MP: 2/2
  1296 | D:2      | Reached skill level 6 in Maces & Flails
  1714 | D:3      | Noticed Terence
  1724 | D:3      | Killed Terence
  1902 | D:3      | Found a shadowy altar of Dithmenos.
  2054 | D:3      | Found a stormy altar of Qazlal.
  2485 | D:3      | Reached skill level 7 in Maces & Flails
  2485 | D:3      | Reached XP level 5. HP: 45/45 MP: 2/2
  2669 | D:4      | Found a glowing drain.
  2706 | Sewer    | Entered a sewer
  2791 | Sewer    | Reached skill level 8 in Maces & Flails
  2791 | Sewer    | Reached XP level 6. HP: 51/51 MP: 3/3
  2794 | Sewer    | Acquired Trog's third power
  3042 | Sewer    | Found a glowing silver altar of Zin.
  3363 | D:4      | Found an ancient bone altar of Kikubaaqudgha.
  3364 | D:4      | Noticed a human
  3364 | D:4      | Noticed Blork the orc
  3367 | D:4      | Killed a human
  3372 | D:4      | Killed Blork the orc
  3372 | D:4      | Reached skill level 9 in Maces & Flails
  3670 | D:4      | Reached XP level 7. HP: 52/57 MP: 3/3
  3679 | D:5      | Entered Level 5 of the Dungeon
  3724 | D:5      | Reached skill level 10 in Maces & Flails
  4000 | D:5      | Found a glowing silver altar of Zin.
  4001 | D:5      | Noticed an angel
  4002 | D:5      | Found a runed door.
  5167 | D:6      | Reached skill level 5 in Fighting
  5204 | D:6      | Reached skill level 5 in Armour
  5204 | D:6      | Reached XP level 8. HP: 46/70 MP: 3/3
  5581 | D:6      | Found a white marble altar of Elyvilon.
  5583 | D:6      | Found an opulent altar of Gozag.
  5603 | D:6      | Found a radiant altar of Vehumet.
  5604 | D:6      | Found a shimmering altar of Xom.
  5604 | D:6      | Found a glowing golden altar of the Shining One.
  5604 | D:6      | Found a shadowy altar of Dithmenos.
  5605 | D:6      | Found a deep blue altar of Sif Muna.
  5605 | D:6      | Found an iron altar of Okawaru.
  5606 | D:6      | Found a bloodstained altar of Trog.
  5608 | D:6      | Found a snail-covered altar of Cheibriados.
  5610 | D:6      | Found a glowing silver altar of Zin.
  5797 | D:6      | Found Nuacoalu's Book Boutique.
  6340 | D:7      | Reached XP level 9. HP: 48/81 MP: 4/4
  6619 | D:7      | Found a staircase to the Ecumenical Temple.
  6654 | D:7      | Received a gift from Trog
  7640 | D:8      | Reached skill level 10 in Fighting
  7709 | D:8      | Noticed a three-headed hydra
  7720 | D:8      | Killed a three-headed hydra
  7720 | D:8      | Reached skill level 10 in Armour
  7720 | D:8      | Reached XP level 10. HP: 61/94 MP: 1/4
  8007 | D:9      | Found a runed door.
  8030 | D:9      | Reached skill level 11 in Fighting
  8322 | D:9      | Found a staircase to the Lair.
  8331 | Lair:1   | Entered Level 1 of the Lair of Beasts
  8552 | Lair:1   | Noticed Fannar
  8560 | Lair:1   | Killed Fannar
  8895 | Lair:1   | Noticed a black mamba
  8903 | Lair:1   | Killed a black mamba
  9154 | Lair:1   | Reached skill level 12 in Fighting
  9588 | Lair:1   | Reached XP level 11. HP: 75/105 MP: 1/4
 10233 | Lair:2   | Received a gift from Trog
 10663 | Lair:2   | Found a glowing golden altar of the Shining One.
 11492 | Lair:3   | Found a hole to the Spider Nest.
 11503 | Lair:3   | Noticed an eight-headed hydra
 11513 | Lair:3   | Killed an eight-headed hydra
 11625 | Lair:3   | Found a frozen archway.
 11658 | IceCv    | Entered an ice cave
 11664 | IceCv    | Slain by an alligator simulacrum

Action                   |  1- 3 |  4- 6 |  7- 9 | 10-12 || total
-------------------------+-------+-------+-------+-------++-------
Melee: Mace              |    84 |    32 |       |       ||   116
       Flail             |       |   147 |   301 |       ||   448
       Great mace        |       |       |    91 |   198 ||   289
Invok: Berserk           |       |     4 |       |     2 ||     6
       Trog's Hand       |       |     3 |       |     1 ||     4
       Burn Spellbooks   |       |     1 |     4 |       ||     5
  Use: Scroll            |       |     8 |     7 |     6 ||    21
       Potion            |       |     1 |       |     2 ||     3
 Stab: Distracted        |       |       |       |     1 ||     1
  Eat: Chunk             |     1 |    12 |    14 |     5 ||    32
       Bread ration      |       |       |       |     2 ||     2
       Beef jerky        |       |       |       |     1 ||     1
